 Dungeon Crawl Stone Soup version 0.31-a0-202-g547052bce9 (webtiles) character file.

Game seed: 4968314764587542531

6703 qw the Skirmisher (level 10, 1/1 HPs)
             Began as a Deep Elf Hunter on June 26, 2023.
             Was an Initiate of Okawaru.
             Quit the game on level 9 of the Dungeon.
             The game lasted 03:28:11 (42806 turns).

qw the Skirmisher (Deep Elf Hunter)                Turns: 42806, Time: 03:28:11

Health: 1/1        AC: 23    Str: 12    XL:     10   Next: 74%
Magic:  15/15      EV: 16    Int: 18    God:    Okawaru [......]
Gold:   574        SH:  0    Dex: 28    Spells: 9/9 levels left

rFire   . . .        Y - +1 shortbow (flame)
rCold   . . .        (shield currently unavailable)
rNeg    . . .        n - +6 scale mail of Xogun {+Inv Int+3 Dex+4}
rPois   .            b - +5 hat "Uleuh Veinni" {Will+ Slay+2}
rElec   .            a - +2 cloak
rCorr   .            (no gloves)
SInv    +            e - +1 pair of boots
Will    ++...        (no amulet)
Stlth   +            k - +6 ring of dexterity
HPRegen 0.20/turn    l - ring of see invisible
MPRegen 0.14/turn

%: no passive effects
@: no status effects
A: no striking features
a: Renounce Religion, Evoke Invisibility


You were on level 9 of the Dungeon.
You worshipped Okawaru.
Okawaru was noncommittal.
You visited 1 branch of the dungeon, and saw 9 of its levels.

You collected 574 gold pieces.


   Skills:
 - Level 7.0 Fighting
 - Level 14.0 Ranged Weapons
 + Level 3.6 Armour
 - Level 10.0 Dodging
 - Level 1.2 Stealth
 - Level 4.0 Invocations


You had 9 spell levels left.
You didn't know any spells.
Your spell library was empty.

Inventory:

Hand Weapons
 Y - a +1 shortbow of flaming (weapon)
Armour
 a - a +2 cloak (worn)
 b - the +5 hat "Uleuh Veinni" (worn) {Will+ Slay+2}
   (You acquired it on level 2 of the Dungeon)

   Slay:      It affects your accuracy & damage with ranged weapons and melee
   (+2).
   Will:      It increases your willpower.
 e - a +1 pair of boots (worn)
 n - the +6 scale mail of Xogun (worn) {+Inv Int+3 Dex+4}
   (You found it on level 6 of the Dungeon)

   Int:       It affects your intelligence (+3).
   Dex:       It affects your dexterity (+4).
   +Inv:      It lets you turn invisible.
Jewellery
 d - a ring of fire
 k - a +6 ring of dexterity (left hand)
 l - a ring of see invisible (right hand)
 s - a ring of willpower
Scrolls
 h - 5 scrolls of teleportation
 o - a scroll of identify
Potions
 c - a potion of heal wounds {unknown}
 f - a potion of enlightenment {unknown}
 g - a potion of invisibility {unknown}
 i - a potion of curing
 j - a potion of resistance {unknown}
 m - a potion of degeneration {unknown}
 p - a potion of berserk rage {unknown}
 q - a potion of cancellation {unknown}
 r - a potion of mutation {unknown}
 t - a potion of brilliance {unknown}
 u - a potion of haste {unknown}

Dungeon Overview and Level Annotations

Branches:
Dungeon (9/15)             Temple (0/1) D:6            Lair (0/5) D:9
    Orc (0/2) D:9

Altars:
Cheibriados
Dithmenos
Elyvilon
Kikubaaqudgha
Makhleb
Okawaru
Ru
Trog
Vehumet
Xom
Yredelemnul
Zin

Annotations:
D:7 1 runed translucent door, Crazy Yiuf
D:9 3 runed translucent doors, exclusion: 2 electric eels, qw's ghost, novice GrFi


Message History

Could not explore, unopened runed door.
(D) Dungeon (T) Temple (L) Lair (O) Orcish Mines
Where to? (* - list waypoints, Enter - Lair:1, ? - help)
What level of the Lair of Beasts? (default 1, ? - help) Sorry, I don't know how to get there.
Enter note:
Enter note:
Enter note:
Enter note: Qw's ghost grins evilly.
Could not explore, unopened runed door.
(D) Dungeon (T) Temple (L) Lair (O) Orcish Mines
Where to? (* - list waypoints, Enter - Lair:1, ? - help)
What level of the Lair of Beasts? (default 1, ? - help) Sorry, I don't know how to get there.
Enter note:
Enter note:
Enter note:
Enter note: Could not explore, unopened runed door.
(D) Dungeon (T) Temple (L) Lair (O) Orcish Mines
Where to? (* - list waypoints, Enter - Lair:1, ? - help)
What level of the Lair of Beasts? (default 1, ? - help) Sorry, I don't know how to get there.
Enter note:
Enter note:
Enter note:
Enter note: Could not explore, unopened runed door.
(D) Dungeon (T) Temple (L) Lair (O) Orcish Mines
Where to? (* - list waypoints, Enter - Lair:1, ? - help)
What level of the Lair of Beasts? (default 1, ? - help) Sorry, I don't know how to get there.
Enter note:
Enter note:
Enter note:
Enter note: Zot's power touches on you...
Buggy note passed: unknown note type Are you sure you want to abandon this character and quit the game? (Confirm with "yes".)

# ####'..# #....####..[) #
#......#########..#....### ####
#......#...!.(.#..#.####
'..#####......#((.....#....#
##....##......#....(..#(.###
#####..'......#..8....#### #
####......#(W...(.#
#......###+++### ###.####.@.....#
####..###.......####
#........###.......# ## ##
###........##.'......# #.
.####..>.......##.#......#######.
.)))..#........#..#......'....##.
)######........#.##......####..#.
.# #..........##......# ##... .#
#........########### ###.


You could see qw's ghost.

Vanquished Creatures
  A two-headed ogre (D:9)
  Pikel (D:8)
  2 trolls (D:9)
  Sigmund (D:4)
  A vampire (D:9)
  A steam dragon (D:9)
  A water moccasin (D:8)
  4 black bears
  2 ice beasts
  3 orc warriors
  4 ogres
  3 wolves (D:9)
  A lemure (D:8)
  A centaur (D:9)
  2 kobold brigands
  5 gnoll sergeants
  6 bullfrogs
  3 scorpions
  8 wights
  2 water moccasin zombies (D:6)
  4 killer bees (D:7)
  5 howler monkeys
  3 electric eels (D:9)
  4 crimson imps (D:6)
  A bullfrog zombie (D:6)
  3 hounds (D:9)
  2 gnoll boudas (D:9)
  2 orc priests
  3 centaur zombies (D:6)
  Ijyb (D:5)
  3 iguanas
  7 orc wizards
  A howler monkey zombie (D:6)
  22 gnolls
  8 adders
  A shadow imp (D:7)
  2 white imps
  An ufetubus (D:6)
  4 dart slugs
  2 worms (D:5)
  22 orcs
  4 endoplasms
  3 giant cockroaches
  4 goblins
  8 hobgoblins
  11 jackals
  5 kobolds
  10 quokkas
  8 ball pythons
  8 bats
  3 frilled lizards
  4 rats (D:1)
221 creatures vanquished.

Notes
Turn   | Place    | Note
-------+----------+-------------------------------------------
     0 | D:1      | qw the Deep Elf Hunter began the quest for the Orb.
     0 | D:1      | Reached XP level 1. HP: 12/12 MP: 3/3
     0 | D:1      | 0 ||| qw: Version: 0.3-a-22-g0ed2b0b
     0 | D:1      | 0 ||| qw: Game counter: 6263
     0 | D:1      | 0 ||| qw: Melee chars always use a shield: true
     0 | D:1      | 0 ||| qw: God list: Okawaru
     0 | D:1      | 0 ||| qw: Allow faded altars: false
     0 | D:1      | 0 ||| qw: Do Orc after clearing Dungeon:15 true
     0 | D:1      | 0 ||| qw: Do second Lair branch before Depths: true
     0 | D:1      | 0 ||| qw: Lair rune preference: random
     0 | D:1      | 0 ||| qw: Goals: Normal
     0 | D:1      | 0 ||| PLANNING D:1-11
    75 | D:1      | Reached XP level 2. HP: 16/16 MP: 4/4
    85 | D:1      | Reached skill level 6 in Ranged Weapons
   368 | D:1      | Reached XP level 3. HP: 15/20 MP: 5/5
   707 | D:1      | 707 ||| UPGRADING to +0 pair of boots.
   712 | D:1      | 712 ||| READING 2 scrolls labelled NYWAWAOHECW.
   713 | D:1      | 713 ||| READING scroll of enchant armour.
   713 | D:1      | 713 ||| ENCHANTING +0 pair of boots.
   714 | D:1      | 714 ||| DROPPING scroll of butterflies.
  1030 | D:2      | Reached skill level 7 in Ranged Weapons
  1330 | D:2      | 1330 ||| UPGRADING to +2 cloak.
  1335 | D:2      | 1335 ||| UPGRADING to +0 ring mail.
  1345 | D:2      | 1345 ||| DROPPING +0 leather armour.
  1346 | D:2      | 1346 ||| DROPPING +6 ring of intelligence.
  1347 | D:2      | 1347 ||| READING scroll labelled MIWILU OMEI.
  1351 | D:2      | 1351 ||| READING scroll labelled QUENULL YRRIELL.
  1352 | D:2      | 1352 ||| READING scroll labelled KAOGIA LIDOLU.
  1353 | D:2      | 1353 ||| READING scroll labelled OWKAJUD JEGARA.
  1353 | D:2      | Identified a scroll of acquirement
  1353 | D:2      | 1353 ||| ACQUIRING +5 hat "Uleuh Veinni" {Will+ Slay+2}
  1353 | D:2      | Acquired the +5 hat "Uleuh Veinni" {Will+ Slay+2}
  1355 | D:2      | 1355 ||| UPGRADING to +5 hat "Uleuh Veinni" {Will+ Slay+2}.
  1388 | D:3      | Found an iron altar of Okawaru.
  1433 | D:3      | 1433 ||| PLANNING OKAWARU WORSHIP
  1442 | D:3      | Became a worshipper of Warmaster Okawaru
  1443 | D:3      | 1443 ||| PLANNING D:1-11
  1463 | D:3      | Reached XP level 4. HP: 25/25 MP: 6/6
  1531 | D:3      | Found an ancient bone altar of Kikubaaqudgha.
  1606 | D:3      | Found a faded altar of an unknown god.
  1617 | D:3      | HP: 5/25 [gnoll/+0 halberd (4)]
  1622 | D:3      | Reached skill level 8 in Ranged Weapons
  1726 | D:3      | 1726 ||| Stepping ~*~*~tactically~*~*~ (water).
  1745 | D:3      | Reached XP level 5. HP: 19/29 MP: 7/7
  1870 | D:3      | Found a basalt altar of Yredelemnul.
  2121 | D:3      | 2121 ||| READING scroll labelled DIACWIOGRE.
  2122 | D:3      | 2122 ||| READING scroll labelled ACASSY VYS.
  2225 | D:4      | Reached skill level 9 in Ranged Weapons
  2249 | D:4      | Reached * piety under Okawaru
  2250 | D:4      | Reached skill level 1 in Armour
  2251 | D:4      | Found a snail-covered altar of Cheibriados.
  2260 | D:4      | Noticed Sigmund
  2261 | D:4      | 2261 ||| INVOKING Heroism.
  2267 | D:4      | Killed Sigmund
  2268 | D:4      | Reached skill level 10 in Ranged Weapons
  2268 | D:4      | Reached XP level 6. HP: 35/35 MP: 5/8
  2281 | D:4      | Reached skill level 1 in Invocations
  2332 | D:4      | Reached skill level 3 in Dodging
  2466 | D:4      | 2466 ||| INVOKING Heroism.
  2474 | D:4      | Reached XP level 7. HP: 40/40 MP: 7/10
  2982 | D:4      | 2982 ||| READING scroll labelled IPSADWOMUT.
  2983 | D:4      | 2983 ||| READING scroll labelled BAM QURPHIEZA.
  3015 | D:5      | Entered Level 5 of the Dungeon
  3019 | D:5      | Noticed Ijyb
  3025 | D:5      | Killed Ijyb
  3204 | D:5      | 3204 ||| FLEEEEING.
  3239 | D:5      | Found a bloodstained altar of Trog.
  3241 | D:5      | 3241 ||| INVOKING Heroism.
  3253 | D:5      | Reached skill level 11 in Ranged Weapons
  3282 | D:5      | Found a shadowy altar of Dithmenos.
  3282 | D:5      | Found a radiant altar of Vehumet.
  3359 | D:5      | Found a white marble altar of Elyvilon.
  3686 | D:5      | 3686 ||| DROPPING +2 cloak.
  3687 | D:5      | 3687 ||| UPGRADING to +6 ring of dexterity.
  3688 | D:5      | 3688 ||| READING scroll labelled ELANOFO TINAL.
  3689 | D:5      | 3689 ||| READING scroll labelled DUYSMEFOEBB.
  3690 | D:5      | 3690 ||| DRINKING 2 fuming white potions.
  3715 | D:5      | 3715 ||| DROPPING potion of lignification.
  3751 | D:6      | 3751 ||| STAIRDANCE
  3754 | D:5      | Reached skill level 3 in Invocations
  3800 | D:6      | 3800 ||| STAIRDANCE
  3829 | D:6      | Reached XP level 8. HP: 40/44 MP: 12/12
  3865 | D:6      | Found a staircase to the Ecumenical Temple.
  3877 | D:6      | 3877 ||| READING scroll of brand weapon.
  3877 | D:6      | 3877 ||| BRANDING +1 shortbow of draining.
  3948 | D:6      | Found a sacrificial altar of Ru.
  4011 | D:6      | Found a glowing silver altar of Zin.
  4108 | D:6      | Found a shimmering altar of Xom.
  4126 | D:6      | Reached skill level 12 in Ranged Weapons
  4200 | D:6      | 4200 ||| INVOKING Heroism.
  4222 | D:6      | Identified the +6 scale mail of Xogun {+Inv Int+3 Dex+4}
  4289 | D:6      | Reached ** piety under Okawaru
  4295 | D:6      | Reached skill level 3 in Fighting
  4309 | D:6      | 4309 ||| INVOKING Heroism.
  4467 | D:6      | 4467 ||| UPGRADING to +6 scale mail of Xogun {+Inv Int+3
                  | Dex+4}.
  4477 | D:6      | 4477 ||| DROPPING +0 ring mail.
  4478 | D:6      | 4478 ||| DROPPING ring of magical power.
  4537 | D:7      | 4537 ||| Stepping ~*~*~tactically~*~*~ (outnumbered).
  4580 | D:7      | Reached skill level 13 in Ranged Weapons
  4612 | D:7      | Reached XP level 9. HP: 39/50 MP: 14/14
  4767 | D:7      | 4767 ||| INVOKING Heroism.
  4869 | D:7      | 4869 ||| UPGRADING to ring of see invisible.
  5216 | D:7      | You fall into a shaft and drop 2 floors!
  5227 | D:9      | 5227 ||| INVOKING Heroism.
  5330 | D:9      | 5330 ||| INVOKING Heroism.
  5366 | D:9      | Reached skill level 14 in Ranged Weapons
  5440 | D:9      | Found a runed translucent gate.
  5441 | D:9      | Found a runed translucent gate.
  5442 | D:9      | Found a runed translucent gate.
  5444 | D:9      | Noticed qw's ghost (novice GrFi)
  5487 | D:9      | Reached skill level 6 in Dodging
  5543 | D:9      | 5543 ||| INVOKING Heroism.
  5548 | D:9      | 5548 ||| Stepping ~*~*~tactically~*~*~ (cloud).
  5597 | D:9      | 5597 ||| INVOKING Heroism.
  5606 | D:9      | Noticed a troll
  5618 | D:9      | Killed a troll
  5622 | D:9      | Noticed a two-headed ogre
  5626 | D:9      | Killed a two-headed ogre
  5627 | D:9      | Reached skill level 6 in Fighting
  5627 | D:9      | Reached XP level 10. HP: 40/60 MP: 15/15
  5628 | D:9      | 5628 ||| INVOKING Heroism.
  5711 | D:9      | 5711 ||| READING scroll labelled NUJAXAA YRHIDESOIDD.
  5712 | D:9      | 5712 ||| READING scroll labelled IFESHR VACAKOFOU.
  5713 | D:9      | 5713 ||| DRINKING 2 yellow potions.
  5715 | D:9      | 5715 ||| Stepping ~*~*~tactically~*~*~ (cloud).
  6083 | D:7      | Reached *** piety under Okawaru
  6173 | D:7      | Found a runed translucent door.
  6174 | D:7      | Noticed Crazy Yiuf
  6217 | D:6      | Noticed a rust devil
  6217 | D:6      | Noticed a rust devil
  6218 | D:6      | 6218 ||| INVOKING Heroism.
  6235 | D:6      | 6235 ||| READING 4 scrolls of teleportation.
  6236 | D:6      | 6236 ||| INVOKING Heroism.
  6531 | D:7      | 6531 ||| Stepping randomly (stuck).
  6611 | D:8      | Noticed Pikel
  6625 | D:8      | Killed Pikel
  6626 | D:8      | Reached skill level 3 in Armour
  6631 | D:8      | 6631 ||| INVOKING Heroism.
  6782 | D:8      | Found a burning altar of Makhleb.
  7090 | D:9      | Found a staircase to the Orcish Mines.
  7091 | D:9      | 7091 ||| INVOKING Heroism.
  7093 | D:9      | 7093 ||| Stepping ~*~*~tactically~*~*~ (outnumbered).
  7097 | D:9      | Reached skill level 9 in Dodging
  7114 | D:9      | 7114 ||| INVOKING Heroism.
  7131 | D:9      | 7131 ||| INVOKING Heroism.
  7135 | D:9      | 7135 ||| FLEEEEING.
  7136 | D:9      | 7136 ||| FLEEEEING.
  7137 | D:9      | 7137 ||| FLEEEEING.
  7138 | D:9      | 7138 ||| FLEEEEING.
  7139 | D:9      | 7139 ||| FLEEEEING.
  7140 | D:9      | 7140 ||| STAIRDANCE
  7269 | D:9      | 7269 ||| STAIRDANCE
  7318 | D:9      | 7318 ||| INVOKING Heroism.
  7457 | D:9      | 7457 ||| INVOKING Heroism.
  7512 | D:9      | 7512 ||| FLEEEEING.
  7520 | D:9      | 7520 ||| STAIRDANCE
  7588 | D:9      | 7588 ||| INVOKING Heroism.
  7617 | D:9      | 7617 ||| FLEEEEING.
  7658 | D:9      | Found a staircase to the Lair.
  7809 | D:9      | 7809 ||| INVOKING Heroism.
  7948 | D:9      | 7948 ||| PLANNING LAIR
 31816 | D:9      | Glimpsed the power of Zot.
 32176 | D:9      | Fell from the grace of Okawaru
 32177 | D:9      | 32177 ||| PLANNING OKAWARU WORSHIP
 32313 | D:3      | Glimpsed the power of Zot.
 32339 | D:3      | Became a worshipper of Warmaster Okawaru
 32340 | D:3      | 32340 ||| PLANNING LAIR
 32710 | D:9      | Glimpsed the power of Zot.
 32810 | D:9      | Touched by the power of Zot (MHP 63 -> 50)
 32811 | D:9      | Glimpsed the power of Zot.
 33311 | D:9      | Glimpsed the power of Zot.
 33711 | D:9      | Glimpsed the power of Zot.
 33810 | D:9      | Touched by the power of Zot (MHP 52 -> 41)
 33811 | D:9      | Glimpsed the power of Zot.
 34311 | D:9      | Glimpsed the power of Zot.
 34711 | D:9      | Glimpsed the power of Zot.
 34810 | D:9      | Touched by the power of Zot (MHP 44 -> 34)
 34811 | D:9      | Glimpsed the power of Zot.
 35311 | D:9      | Glimpsed the power of Zot.
 35711 | D:9      | Glimpsed the power of Zot.
 35810 | D:9      | Touched by the power of Zot (MHP 36 -> 27)
 35811 | D:9      | Glimpsed the power of Zot.
 36311 | D:9      | Glimpsed the power of Zot.
 36543 | D:9      | Fell from the grace of Okawaru
 36544 | D:9      | 36544 ||| PLANNING OKAWARU WORSHIP
 36706 | D:3      | Became a worshipper of Warmaster Okawaru
 36707 | D:3      | 36707 ||| PLANNING LAIR
 36708 | D:3      | Glimpsed the power of Zot.
 36805 | D:8      | Touched by the power of Zot (MHP 28 -> 21)
 36806 | D:8      | Glimpsed the power of Zot.
 37305 | D:9      | Glimpsed the power of Zot.
 37705 | D:9      | Glimpsed the power of Zot.
 37805 | D:9      | Touched by the power of Zot (MHP 23 -> 17)
 37806 | D:9      | Glimpsed the power of Zot.
 38306 | D:9      | Glimpsed the power of Zot.
 38706 | D:9      | Glimpsed the power of Zot.
 38805 | D:9      | Touched by the power of Zot (MHP 18 -> 12)
 38806 | D:9      | Glimpsed the power of Zot.
 39306 | D:9      | Glimpsed the power of Zot.
 39706 | D:9      | Glimpsed the power of Zot.
 39805 | D:9      | Touched by the power of Zot (MHP 13 -> 8)
 39806 | D:9      | Glimpsed the power of Zot.
 40306 | D:9      | Glimpsed the power of Zot.
 40706 | D:9      | Glimpsed the power of Zot.
 40805 | D:9      | Touched by the power of Zot (MHP 9 -> 5)
 40806 | D:9      | Glimpsed the power of Zot.
 41306 | D:9      | Glimpsed the power of Zot.
 41706 | D:9      | Glimpsed the power of Zot.
 41805 | D:9      | Touched by the power of Zot (MHP 6 -> 2)
 41806 | D:9      | Glimpsed the power of Zot.
 42306 | D:9      | Glimpsed the power of Zot.
 42706 | D:9      | Glimpsed the power of Zot.
 42805 | D:9      | Touched by the power of Zot (MHP 3 -> 1)
 42806 | D:9      | Quit the game

Levels and vault maps discovered:
D:1:      nicolae_arrival_memento_mori, layout_loops_ring
D:2:      layout_loops_ring
D:3:      layout_basic, lemuel_round_altar, mainiacjoe_overflow_catwalk,
          mainiacjoe_overflow_brackets, chequers_ecumenical_altar_island
D:4:      layout_cave_pods, lemuel_doored_altar, uniq_sigmund
D:5:      layout_loops_ring, mainiacjoe_overflow_24_doors,
          gammafunk_temple_overflow_forgotten, uniq_ijyb
D:6:      cheibrodos_iron_armory, layout_basic, led_xom_imps,
          mainiacjoe_overflow_small_starburst, zin_statuary,
          minmay_temple_entry_gardened_gates, serial_undead, serial_undead_b,
          serial_undead_e, serial_undead_d, serial_undead_e,
          minmay_misc_feat_square
D:7:      layout_basic, uniq_crazy_yiuf_cottage
D:8:      layout_basic, mainiacjoe_overflow_cross_hatched, uniq_pikel
D:9:      layout_roguey, erik_lair_island,
          kennysheep_orc_monster_closet_entryway, ebering_ghost_rock_garden,
          minmay_crystal_water

Skill      XL: |  1  2  3  4  5  6  7  8  9 10 |
---------------+-------------------------------+-----
Ranged Weapons | 6 7 8 10 11 13 14 | 14.0
Fighting       | 2 3 6 7 |  7.0
Armour         | 1 2 3 |  3.6
Invocations    | 1 3 4 |  4.0
Dodging        | 3 5 7 10 | 10.0
Stealth        | |  1.2

Action                     |  1- 3 |  4- 6 |  7- 9 | 10-12 || total
---------------------------+-------+-------+-------+-------++-------
   Fire: Shortbow          |    88 |   119 |   340 |   176 ||   723
 Invoke: Heroism           |       |     2 |     8 |    11 ||    21
    Use: Scroll            |     6 |     2 |     5 |     3 ||    16
         Potion            |       |       |     1 |     1 ||     2
 Armour: Leather armour    |    10 |       |       |       ||    10
         Ring mail         |       |    21 |    63 |       ||    84
         Scale mail        |       |       |    30 |    46 ||    76
  Dodge: Dodged            |    16 |    32 |   100 |   129 ||   277

Table legend:
 A = Non-vault XP
 B = Vault XP
 C = Vault XP percentage of total XP
 D = Non-vault monster count
 E = Vault monster count
 F = Vault count percentage of total count
                 A         B        C        D         E       F
            +---------+---------+-------+---------+---------+-------
      Total |    5603 |    3974 |  41.5 |     178 |      42 |  19.1
            +---------+---------+-------+---------+---------+-------
        D:1 |      53 |       0 |   0.0 |      31 |       0 |   0.0
        D:2 |      19 |       0 |   0.0 |      11 |       0 |   0.0
        D:3 |     145 |       0 |   0.0 |      22 |       0 |   0.0
        D:4 |     357 |     231 |  39.3 |      28 |       1 |   3.4
        D:5 |     550 |      36 |   6.1 |      18 |       1 |   5.3
        D:6 |     499 |     681 |  57.7 |       7 |      12 |  63.2
        D:7 |     950 |       0 |   0.0 |      24 |       0 |   0.0
        D:8 |     632 |     873 |  58.0 |       7 |       4 |  36.4
        D:9 |    2398 |    2153 |  47.3 |      30 |      24 |  44.4
            +---------+---------+-------+---------+---------+-------
